 Dungeon Crawl Stone Soup version 0.31-a0-221-gbddc013574 (webtiles) character file.

Game seed: 16510088678315480496

19502 qw the Marksminotaur (level 12, -10/112 HPs)
             Began as a Minotaur Hexslinger on July 4, 2023.
             Was an Elder of Okawaru.
             Mangled by a salamander
             ... wielding a +4 halberd
              (15 damage)
             ... on level 2 of the Lair of Beasts.
             The game lasted 00:05:53 (12236 turns).

qw the Marksminotaur (Minotaur Hexslinger)         Turns: 12236, Time: 00:05:53

Health: -10/112    AC: 12    Str: 15    XL:     12   Next: 37%
Magic:  13/15      EV: 19    Int: 10    God:    Okawaru [****..]
Gold:   513        SH:  5    Dex: 16    Spells: 12/13 levels left

rFire   . . .        Y - +0 orcbow
rCold   . . .        (shield currently unavailable)
rNeg    . . .        s - +0 troll leather armour
rPois   +            (helmet restricted)
rElec   .            p - +0 cloak
rCorr   .            l - +1 pair of gloves
SInv    +            j - +1 pair of boots
Will    .....        d - amulet of reflection
Stlth   +++          q - ring of see invisible
HPRegen 1.18/turn    o - ring of poison resistance
MPRegen 0.14/turn

%: reflection
@: heroic
A: horns 2, retaliatory headbutt, subdued magic 1
a: Renounce Religion, Heroism, Finesse


You were on level 2 of the Lair of Beasts.
You worshipped Okawaru.
Okawaru was greatly pleased with you.
You visited 3 branches of the dungeon, and saw 12 of its levels.

You collected 513 gold pieces.


Innate Abilities, Weirdness & Mutations

You have a pair of horns on your head.
You reflexively headbutt those who attack you in melee.
Your spells are a little easier to cast, but a little less powerful.


   Skills:
 + Level 11.9(16.9) Fighting
 - Level 16.0(21.0) Ranged Weapons
 - Level 5.3(10.3) Armour
 - Level 8.0(13.0) Dodging
 - Level 1.0 Spellcasting
 - Level 2.0 Hexes
 + Level 6.3 Invocations


You had 12 spell levels left.
You knew the following spells:

 Your Spells              Type           Power      Damage    Failure   Level
a - Slow                  Hex            12%        N/A       16%         1

Your spell library contained the following spells:

 Spells                   Type           Power      Damage    Failure   Level
 Inner Flame              Hex/Fire       1%         N/A       58%         3
 Portal Projectile        Hex/Tloc       2%         N/A       58%         3
 Cause Fear               Hex            1%         N/A       85%         4

Inventory:

Hand Weapons
 Y - a +0 orcbow (weapon)
Armour
 h - the +0 pair of boots "Ymooph" {rElec Will- Int+3}
   (You found it on level 4 of the Dungeon)

   Int:       It affects your intelligence (+3).
   rElec:     It insulates you from electricity.
   Will:      It decreases your willpower.
 j - a +1 pair of boots (worn)
 l - a +1 pair of gloves (worn)
 p - a +0 cloak (worn)
 s - a +0 troll leather armour (worn)
Jewellery
 d - an amulet of reflection (around neck)
 g - a ring of ice
 o - a ring of poison resistance (right hand)
 q - a ring of see invisible (left hand)
Scrolls
 b - 4 scrolls of identify
Potions
 i - 4 potions of curing
 k - 3 potions of mutation
 m - a potion of enlightenment
 n - 2 potions of haste

Dungeon Overview and Level Annotations

Branches:
Dungeon (9/15)             Temple (1/1) D:5            Lair (2/5) D:9
  Snake (0/4) Lair:2
  Swamp: Lair:2-3    Shoals: Lair:2-3       Orc: D:9-12

Altars:
Ashenzari
Cheibriados
Dithmenos
Elyvilon
Fedhas
Gozag
Hepliaklqana
Makhleb
Nemelex Xobeh
Okawaru
Qazlal
Ru
Sif Muna
Trog
Uskayaw
Vehumet
Wu Jian
Xom
Yredelemnul
Zin
The Shining One

Annotations:
D:8 3 runed translucent doors, qw's ghost, novice DEHu
Lair:2 exclusions: 2 lava snakes and salamander


Message History

The salamander is moderately wounded.
You shoot an arrow. The arrow barely misses the salamander.
The salamander hits you from afar with a +4 halberd!
You are engulfed in flames!
You shoot an arrow. The arrow hits the salamander.
The salamander is heavily wounded.
The salamander barely misses you.
You shoot an arrow. The arrow hits the salamander.
The salamander is heavily wounded.
You shoot an arrow. The arrow barely misses the salamander.
The salamander barely misses you. The lava snake spits lava at you.
The glob of lava misses you.
You shoot an arrow.
The arrow completely misses the salamander.
The salamander barely misses you.
You shoot an arrow. The arrow hits the salamander!
The salamander is severely wounded.
The salamander hits you from afar with a +4 halberd.
You are engulfed in flames!
You shoot an arrow. The arrow hits the salamander.
The salamander is severely wounded.
The lava snake spits lava at you. The glob of lava hits you!!
12235 ||| INVOKING Heroism.
You gain the combat prowess of a mighty hero.
The salamander hits you from afar with a +4 halberd!
You are engulfed in flames!
The lava snake spits lava at you. The glob of lava hits you!!
The lava snake spits lava at you. The glob of lava hits you!
Enter note:
Enter note:
Enter note:
12236 ||| DROPPING potion of invisibility.
You drop a potion of invisibility.
The salamander hits you from afar with a +4 halberd!
You are engulfed in flames!
You die...

#.#...# .. #.##
#~~...¤~#.##.... ....
P..## ..#
~¤.>..¤#............
...P#####..#
~.....¤#............
.....P##...#
~..¤~##............
...........# #S.S~ ...
.... ...........####.N.
.... ....
..............##.##.....
....
#..P............@.......
....
#P.##...................
#...
##...##P....##..........
##..
##..##.......%..#....#..
#...
#.....#..~~~~~~.P.......
...
.........~~##~~.........
..
.........~~###~.....###.
# .........~~# #~.....#
#........~~~ ~~.#..#.#


You could see a salamander and 2 lava snakes.

Vanquished Creatures
  A hydra (Lair:2)
  2 centaur warriors (D:9)
  A two-headed ogre (D:9)
  A death yak (Lair:2)
  A black mamba (Lair:2)
  5 cane toads
  3 komodo dragons (Lair:1)
  A yaktaur (shapeshifter) (D:8)
  2 rime drakes
  A troll (D:9)
  2 hornets (D:9)
  15 blink frogs
  A shadow (D:8)
  A slime creature (D:9)
  3 wyverns
  19 yaks
  A human (shapeshifter) (D:8)
  A vampire mosquito (D:9)
  2 wraiths
  2 basilisks
  Eustachio (D:6)
  3 steam dragons
  2 water moccasins (Lair:2)
  An acid dragon (D:9)
  Duvessa (D:7)
  5 orc warriors
  2 sky beasts (D:7)
  2 ogres
  2 centaurs
  6 wolves (Lair:1)
  2 phantoms
  3 kobold brigands
  7 bullfrogs
  A scorpion (D:7)
  4 gnoll sergeants
  10 wights
  Dowan (D:7)
  6 killer bees
  2 howler monkeys (D:9)
  An orc priest (D:7)
  2 hounds (D:5)
  2 gnoll boudas
  5 jellies
  3 iguanas
  4 sleepcaps
  Jessica (D:3)
  4 orc wizards
  A mummy (D:7)
  30 gnolls
  5 adders
  2 white imps
  2 worms (D:5)
  5 dart slugs
  20 orcs
  6 ball pythons
  6 endoplasms
  3 giant cockroaches
  7 goblins
  7 hobgoblins
  6 jackals
  2 quokkas (D:3)
  8 bats
  2 frilled lizards
  A hobgoblin zombie (D:7)
  16 kobolds
  An orc zombie (D:7)
  7 rats
285 creatures vanquished.

Notes
Turn   | Place    | Note
-------+----------+-------------------------------------------
     0 | D:1      | qw the Minotaur Hexslinger began the quest for the Orb.
     0 | D:1      | Reached XP level 1. HP: 16/16 MP: 1/1
     0 | D:1      | 0 ||| qw: Version: 0.3-a-41-g9d075ac
     0 | D:1      | 0 ||| qw: Game counter: 767
     0 | D:1      | 0 ||| qw: Melee chars always use a shield: true
     0 | D:1      | 0 ||| qw: God list: Okawaru
     0 | D:1      | 0 ||| qw: Allow faded altars: false
     0 | D:1      | 0 ||| qw: Do Orc after clearing Dungeon:15 true
     0 | D:1      | 0 ||| qw: Do second Lair branch before Depths: true
     0 | D:1      | 0 ||| qw: Lair rune preference: random
     0 | D:1      | 0 ||| qw: Goals: Normal
     0 | D:1      | 0 ||| PLANNING D:1-11
    70 | D:1      | Reached skill level 3 in Ranged Weapons
    70 | D:1      | Reached XP level 2. HP: 23/23 MP: 2/2
   467 | D:1      | Reached XP level 3. HP: 28/29 MP: 3/3
   766 | D:1      | 766 ||| UPGRADING to +3 leather armour.
   776 | D:1      | 776 ||| DROPPING +0 robe.
   777 | D:1      | 777 ||| UPGRADING to +0 pair of gloves.
   782 | D:1      | 782 ||| READING 2 scrolls labelled CAMMAUMUVIQ.
   783 | D:1      | 783 ||| READING scroll labelled RUCOCV JEFEIVI.
   784 | D:1      | 784 ||| READING scroll labelled IPRARPHIXIN.
   785 | D:1      | 785 ||| DROPPING scroll of immolation.
   786 | D:1      | 786 ||| DROPPING scroll of poison.
   918 | D:2      | Reached skill level 4 in Ranged Weapons
  1185 | D:2      | 1185 ||| DROPPING ring of wizardry.
  1186 | D:2      | 1186 ||| READING scroll labelled GACIMI REDU.
  1203 | D:3      | Found a stormy altar of Qazlal.
  1224 | D:3      | Reached XP level 4. HP: 32/36 MP: 4/4
  1488 | D:3      | Noticed Jessica
  1492 | D:3      | Killed Jessica
  1493 | D:3      | Reached skill level 5 in Ranged Weapons
  1650 | D:3      | 1650 ||| UPGRADING to +0 leather armour of poison
                  | resistance.
  1660 | D:3      | 1660 ||| READING scroll labelled HAALYQ GIGE.
  1661 | D:3      | 1661 ||| READING scroll labelled FOOSOS WOPOF.
  1693 | D:4      | 1693 ||| STAIRDANCE
  1693 | D:4      | HP: 6/37 [gnoll/+0 halberd (11)]
  1696 | D:3      | Reached skill level 3 in Fighting
  1696 | D:3      | Reached XP level 5. HP: 9/45 MP: 5/5
  1830 | D:4      | 1830 ||| STAIRDANCE
  1875 | D:4      | 1875 ||| STAIRDANCE
  1922 | D:4      | Identified the +0 pair of boots "Ymooph" {rElec Will-
                  | Int+3}
  2013 | D:4      | Found a bloodstained altar of Trog.
  2013 | D:4      | Noticed an orc warrior
  2027 | D:4      | Killed an orc warrior
  2028 | D:4      | Reached skill level 6 in Ranged Weapons
  2028 | D:4      | Reached XP level 6. HP: 24/51 MP: 6/6
  2134 | D:4      | Found a shimmering blue altar of Sif Muna.
  2138 | D:4      | Reached skill level 1 in Armour
  2349 | D:4      | Found a radiant altar of Vehumet.
  2404 | D:4      | 2404 ||| UPGRADING to +0 pair of boots "Ymooph" {rElec
                  | Will- Int+3}.
  2409 | D:4      | 2409 ||| READING scroll labelled REBRAO JUAMUY.
  2410 | D:4      | 2410 ||| READING scroll labelled ZUOC AKAYCWU.
  2411 | D:4      | 2411 ||| READING scroll labelled LEPY JASEOCA.
  2412 | D:4      | 2412 ||| READING scroll labelled AZIEPN MORGHUIK.
  2415 | D:4      | 2415 ||| DRINKING 2 fizzy yellow potions.
  2416 | D:4      | 2416 ||| DROPPING potion of degeneration.
  2433 | D:5      | Entered Level 5 of the Dungeon
  2622 | D:5      | Reached skill level 7 in Ranged Weapons
  2658 | D:5      | Reached XP level 7. HP: 28/60 MP: 7/7
  2661 | D:5      | HP: 15/60 [worm (2)]
  2885 | D:5      | Found an ornate altar of the Wu Jian Council.
  2889 | D:5      | Reached skill level 8 in Ranged Weapons
  2905 | D:5      | Found a staircase to the Ecumenical Temple.
  2906 | D:5      | 2906 ||| PLANNING TEMPLE
  2906 | D:5      | 2906 ||| READING scroll labelled XUEHAUTUYM.
  2907 | D:5      | 2907 ||| READING scroll labelled EMICKE ZIDOORY.
  2907 | D:5      | Identified a scroll of acquirement
  2907 | D:5      | 2907 ||| ACQUIRING amulet of reflection
  2907 | D:5      | Acquired an amulet of reflection
  2909 | D:5      | 2909 ||| UPGRADING to amulet of reflection.
  2914 | D:5      | 2914 ||| DRINKING 2 blue potions.
  3019 | D:5      | 3019 ||| DRINKING 2 glowing blue potions.
  3065 | D:5      | 3065 ||| DROPPING potion of berserk rage.
  3066 | D:5      | 3066 ||| DROPPING potion of lignification.
  3075 | Temple   | Entered the Ecumenical Temple
  3097 | Temple   | 3097 ||| PLANNING D:1-11
  3314 | D:5      | HP: 8/59 [wight/+3 long sword of freezing (9)]
  3498 | D:5      | Found a broken altar of Ashenzari.
  3694 | D:5      | 3694 ||| UPGRADING to +1 pair of boots.
  3722 | D:6      | Reached skill level 9 in Ranged Weapons
  3761 | D:6      | Noticed Eustachio
  3793 | D:6      | Killed Eustachio
  3794 | D:6      | Reached XP level 8. HP: 70/70 MP: 8/8
  3865 | D:6      | Reached skill level 6 in Fighting
  4431 | D:6      | Reached skill level 3 in Dodging
  4572 | D:6      | Found a shadowy altar of Dithmenos.
  4637 | D:6      | 4637 ||| UPGRADING to +1 pair of gloves.
  4647 | D:6      | 4647 ||| DROPPING +0 pair of gloves.
  4648 | D:6      | 4648 ||| DRINKING 3 emerald potions.
  4649 | D:6      | 4649 ||| DRINKING 2 white potions.
  4649 | D:6      | Gained mutation: Your spells are a little easier to cast,
                  | but a little less powerful. [potion of mutation]
  4650 | D:6      | 4650 ||| READING 4 scrolls of identify.
  4650 | D:6      | 4650 ||| IDENTIFYING lumpy yellow potion
  4651 | D:6      | 4651 ||| READING 3 scrolls of identify.
  4651 | D:6      | 4651 ||| IDENTIFYING orange potion
  4652 | D:6      | 4652 ||| DROPPING potion of magic.
  4653 | D:6      | 4653 ||| DROPPING potion of attraction.
  4690 | D:7      | 4690 ||| PLANNING OSSUARY
  4702 | D:7      | Noticed Dowan
  4706 | D:7      | 4706 ||| FLEEEEING.
  4707 | D:7      | 4707 ||| FLEEEEING.
  4708 | D:7      | 4708 ||| FLEEEEING.
  4709 | D:7      | 4709 ||| FLEEEEING.
  4710 | D:7      | 4710 ||| FLEEEEING.
  4717 | D:7      | Killed Dowan
  4717 | D:7      | Noticed Duvessa
  4718 | D:7      | 4718 ||| FLEEEEING.
  4719 | D:7      | 4719 ||| FLEEEEING.
  4721 | D:7      | 4721 ||| STAIRDANCE
  4791 | D:7      | Killed Duvessa
  4979 | D:7      | Reached skill level 10 in Ranged Weapons
  5409 | D:7      | 5409 ||| RIP OSSUARY
  5452 | D:7      | 5452 ||| PLANNING D:1-11
  5626 | D:7      | Reached XP level 9. HP: 65/79 MP: 9/9
  5650 | D:7      | HP: 18/77 [wight/+3 great sword of freezing (2)]
  5651 | D:7      | 5651 ||| READING scroll of teleportation.
  5923 | D:7      | Reached skill level 11 in Ranged Weapons
  6004 | D:7      | Found an iron altar of Okawaru.
  6005 | D:7      | 6005 ||| PLANNING OKAWARU WORSHIP
  6005 | D:7      | 6005 ||| READING scroll labelled ZYSIVUGRUH.
  6120 | D:7      | 6120 ||| READING 4 scrolls of identify.
  6120 | D:7      | 6120 ||| IDENTIFYING dark potion
  6121 | D:7      | 6121 ||| DROPPING potion of brilliance.
  6124 | D:7      | Became a worshipper of Warmaster Okawaru
  6125 | D:7      | 6125 ||| PLANNING D:1-11
  6173 | D:7      | 6173 ||| SWAPPING to +0 shortbow.
  6174 | D:7      | 6174 ||| DROPPING +2 sling of draining.
  6177 | D:7      | 6177 ||| READING scroll of enchant weapon.
  6177 | D:7      | 6177 ||| ENCHANTING +0 shortbow.
  6222 | D:7      | 6222 ||| Stepping ~*~*~tactically~*~*~ (cloud).
  6225 | D:7      | 6225 ||| Stepping ~*~*~tactically~*~*~ (cloud).
  6231 | D:7      | 6231 ||| Stepping ~*~*~tactically~*~*~ (cloud).
  6300 | D:7      | 6300 ||| READING scroll of brand weapon.
  6300 | D:7      | 6300 ||| BRANDING +1 shortbow.
  6418 | D:7      | 6418 ||| READING 4 scrolls of identify.
  6418 | D:7      | 6418 ||| IDENTIFYING brown potion
  6419 | D:7      | 6419 ||| READING 3 scrolls of identify.
  6419 | D:7      | 6419 ||| IDENTIFYING fizzy clear potion
  6518 | D:8      | Found the +5 Force Lance {heavy, knockback}
  6598 | D:8      | Found a runed translucent gate.
  6598 | D:8      | Noticed qw's ghost (novice DEHu)
  6599 | D:8      | Found a runed translucent gate.
  6600 | D:8      | Noticed an 11-headed hydra
  6600 | D:8      | Noticed an 11-headed hydra
  6605 | D:8      | Found a runed translucent gate.
  6784 | D:8      | Reached skill level 12 in Ranged Weapons
  6978 | D:8      | Found a sacrificial altar of Ru.
  7076 | D:8      | 7076 ||| FLEEEEING.
  7078 | D:8      | 7078 ||| FLEEEEING.
  7079 | D:8      | 7079 ||| FLEEEEING.
  7080 | D:8      | 7080 ||| FLEEEEING.
  7081 | D:8      | 7081 ||| FLEEEEING.
  7082 | D:8      | 7082 ||| FLEEEEING.
  7083 | D:8      | 7083 ||| FLEEEEING.
  7084 | D:8      | 7084 ||| FLEEEEING.
  7085 | D:8      | 7085 ||| FLEEEEING.
  7086 | D:8      | 7086 ||| FLEEEEING.
  7088 | D:8      | 7088 ||| FLEEEEING.
  7089 | D:8      | 7089 ||| FLEEEEING.
  7090 | D:8      | 7090 ||| FLEEEEING.
  7091 | D:8      | 7091 ||| STAIRDANCE
  7157 | D:7      | 7157 ||| UPGRADING to ring of see invisible.
  7158 | D:7      | 7158 ||| READING 4 scrolls labelled XITOSTREURA.
  7159 | D:7      | 7159 ||| READING 2 scrolls of identify.
  7159 | D:7      | 7159 ||| IDENTIFYING metallic cyan potion
  7160 | D:7      | 7160 ||| DROPPING 3 scrolls of blinking.
  7168 | D:8      | 7168 ||| Stepping ~*~*~tactically~*~*~ (outnumbered).
  7172 | D:8      | 7172 ||| Stepping ~*~*~tactically~*~*~ (outnumbered).
  7173 | D:8      | 7173 ||| Stepping ~*~*~tactically~*~*~ (outnumbered).
  7176 | D:8      | 7176 ||| Stepping ~*~*~tactically~*~*~ (outnumbered).
  7179 | D:8      | 7179 ||| Stepping ~*~*~tactically~*~*~ (outnumbered).
  7206 | D:8      | 7206 ||| FLEEEEING.
  7207 | D:8      | 7207 ||| STAIRDANCE
  7251 | D:8      | 7251 ||| Stepping ~*~*~tactically~*~*~ (outnumbered).
  7254 | D:8      | 7254 ||| Stepping ~*~*~tactically~*~*~ (outnumbered).
  7264 | D:8      | Reached * piety under Okawaru
  7485 | D:8      | 7485 ||| INVOKING Heroism.
  7486 | D:8      | 7486 ||| INVOKING Heroism.
  7612 | D:8      | a hog changed into a queen bee
  7612 | D:8      | Noticed a queen bee (shapeshifter)
  7624 | D:8      | 7624 ||| INVOKING Heroism.
  7644 | D:8      | a queen bee changed into a yaktaur
  7644 | D:8      | Noticed a yaktaur (shapeshifter)
  7663 | D:8      | 7663 ||| FLEEEEING.
  7664 | D:8      | 7664 ||| FLEEEEING.
  7666 | D:8      | 7666 ||| FLEEEEING.
  7669 | D:8      | 7669 ||| FLEEEEING.
  7670 | D:8      | 7670 ||| FLEEEEING.
  7671 | D:8      | 7671 ||| FLEEEEING.
  7672 | D:8      | 7672 ||| FLEEEEING.
  7673 | D:8      | 7673 ||| FLEEEEING.
  7675 | D:8      | 7675 ||| FLEEEEING.
  7688 | D:8      | Killed a yaktaur
  7689 | D:8      | Reached skill level 1 in Invocations
  7773 | D:8      | Reached XP level 10. HP: 88/88 MP: 10/10
  7779 | D:8      | Identified the +5 quarterstaff of Scorn {antimagic, rCorr
                  | Str-3 Int+6 Dex+3}
  7949 | D:8      | 7949 ||| READING scroll labelled ZAIXTE OLUE.
  7998 | D:9      | Noticed a centaur warrior
  8002 | D:9      | Reached skill level 3 in Invocations
  8005 | D:9      | 8005 ||| INVOKING Heroism.
  8009 | D:9      | Reached skill level 13 in Ranged Weapons
  8013 | D:9      | Reached ** piety under Okawaru
  8014 | D:9      | HP: 20/88 [centaur warrior (4)]
  8015 | D:9      | 8015 ||| READING 2 scrolls of teleportation.
  8016 | D:9      | 8016 ||| DRINKING potion of heal wounds.
  8028 | D:9      | Killed a centaur warrior
  8029 | D:9      | 8029 ||| FLEEEEING.
  8035 | D:9      | 8035 ||| FLEEEEING.
  8036 | D:9      | 8036 ||| FLEEEEING.
  8037 | D:9      | 8037 ||| STAIRDANCE
  8232 | D:9      | 8232 ||| STAIRDANCE
  8235 | D:8      | 8235 ||| INVOKING Heroism.
  8252 | D:8      | Reached skill level 9 in Fighting
  8471 | D:9      | 8471 ||| Stepping ~*~*~tactically~*~*~ (outnumbered).
  8475 | D:9      | Reached skill level 3 in Armour
  8503 | D:9      | 8503 ||| INVOKING Heroism.
  8511 | D:9      | Reached skill level 6 in Dodging
  8511 | D:9      | 8511 ||| Stepping ~*~*~tactically~*~*~ (cloud).
  8749 | D:9      | 8749 ||| Stepping ~*~*~tactically~*~*~ (outnumbered).
  8753 | D:9      | 8753 ||| Stepping ~*~*~tactically~*~*~ (outnumbered).
  8754 | D:9      | 8754 ||| Stepping ~*~*~tactically~*~*~ (outnumbered).
  8755 | D:9      | 8755 ||| Stepping ~*~*~tactically~*~*~ (outnumbered).
  8756 | D:9      | 8756 ||| Stepping ~*~*~tactically~*~*~ (outnumbered).
  8757 | D:9      | 8757 ||| Stepping ~*~*~tactically~*~*~ (outnumbered).
  8758 | D:9      | 8758 ||| Stepping ~*~*~tactically~*~*~ (outnumbered).
  8759 | D:9      | 8759 ||| Stepping ~*~*~tactically~*~*~ (outnumbered).
  8760 | D:9      | 8760 ||| Stepping ~*~*~tactically~*~*~ (outnumbered).
  8836 | D:9      | Paralysed by a hornet for 1 turns
  8839 | D:9      | 8839 ||| INVOKING Heroism.
  8970 | D:9      | Noticed a centaur warrior
  8979 | D:9      | 8979 ||| INVOKING Heroism.
  8986 | D:9      | Killed a centaur warrior
  9010 | D:9      | 9010 ||| FLEEEEING.
  9011 | D:9      | 9011 ||| FLEEEEING.
  9013 | D:9      | 9013 ||| FLEEEEING.
  9152 | D:9      | Reached skill level 14 in Ranged Weapons
  9204 | D:9      | 9204 ||| SWAPPING to +0 orcbow.
  9205 | D:9      | 9205 ||| DROPPING +1 shortbow of draining.
  9376 | D:9      | 9376 ||| INVOKING Heroism.
  9377 | D:9      | Reached *** piety under Okawaru
  9483 | D:9      | Noticed a two-headed ogre
  9484 | D:9      | 9484 ||| INVOKING Heroism.
  9490 | D:9      | Killed a two-headed ogre
  9491 | D:9      | Reached XP level 11. HP: 99/100 MP: 10/13
  9534 | D:9      | 9534 ||| INVOKING Heroism.
  9535 | D:9      | 9535 ||| Stepping ~*~*~tactically~*~*~ (outnumbered).
  9563 | D:9      | 9563 ||| INVOKING Heroism.
  9595 | D:9      | Found a staircase to the Lair.
  9908 | D:9      | 9908 ||| INVOKING Heroism.
 10362 | D:9      | 10362 ||| PLANNING LAIR
 10362 | D:9      | 10362 ||| DROPPING +3 leather armour.
 10363 | D:9      | 10363 ||| UPGRADING to +0 cloak.
 10368 | D:9      | 10368 ||| UPGRADING to +0 troll leather armour.
 10378 | D:9      | 10378 ||| DROPPING +0 leather armour of poison resistance.
 10379 | D:9      | 10379 ||| UPGRADING to ring of poison resistance.
 10380 | D:9      | 10380 ||| READING scroll labelled ECAAL BUKU.
 10435 | Lair:1   | Entered Level 1 of the Lair of Beasts
 10494 | Lair:1   | 10494 ||| INVOKING Heroism.
 10540 | Lair:1   | 10540 ||| INVOKING Heroism.
 10554 | Lair:1   | HP: 25/100 [yak (2)]
 10555 | Lair:1   | 10555 ||| READING 2 scrolls of teleportation.
 10556 | Lair:1   | 10556 ||| INVOKING Heroism.
 10557 | Lair:1   | HP: 12/100 [cane toad (2)]
 10656 | Lair:1   | 10656 ||| INVOKING Heroism.
 10728 | Lair:1   | 10728 ||| INVOKING Heroism.
 10739 | Lair:1   | Reached skill level 15 in Ranged Weapons
 10841 | Lair:1   | 10841 ||| INVOKING Heroism.
 10866 | Lair:1   | 10866 ||| INVOKING Heroism.
 10913 | Lair:1   | 10913 ||| INVOKING Heroism.
 11073 | Lair:1   | 11073 ||| INVOKING Heroism.
 11102 | Lair:1   | 11102 ||| INVOKING Heroism.
 11113 | Lair:1   | Reached skill level 16 in Ranged Weapons
 11181 | Lair:1   | 11181 ||| INVOKING Heroism.
 11210 | Lair:1   | 11210 ||| INVOKING Heroism.
 11258 | Lair:1   | 11258 ||| INVOKING Heroism.
 11337 | Lair:1   | Reached **** piety under Okawaru
 11347 | Lair:1   | Reached XP level 12. HP: 86/110 MP: 14/14
 11348 | Lair:1   | 11348 ||| INVOKING Heroism.
 11695 | Lair:1   | 11695 ||| DRINKING 2 bubbling pink potions.
 11748 | Lair:2   | 11748 ||| DRINKING potion of cancellation.
 11825 | Lair:2   | Noticed a six-headed hydra
 11826 | Lair:2   | 11826 ||| INVOKING Heroism.
 11835 | Lair:2   | Killed a six-headed hydra
 12010 | Lair:2   | Noticed a death yak
 12011 | Lair:2   | 12011 ||| INVOKING Heroism.
 12012 | Lair:2   | Noticed a death yak
 12014 | Lair:2   | Noticed a death yak
 12016 | Lair:2   | Noticed a death yak
 12026 | Lair:2   | Killed a death yak
 12030 | Lair:2   | HP: 27/110 [death yak (5)]
 12031 | Lair:2   | 12031 ||| READING scroll of teleportation.
 12032 | Lair:2   | 12032 ||| DRINKING potion of heal wounds.
 12035 | Lair:2   | HP: 15/110 [death yak (5)]
 12063 | Lair:2   | 12063 ||| INVOKING Heroism.
 12094 | Lair:2   | Reached skill level 6 in Invocations
 12103 | Lair:2   | 12103 ||| INVOKING Heroism.
 12194 | Lair:2   | 12194 ||| READING 5 scrolls of identify.
 12194 | Lair:2   | 12194 ||| IDENTIFYING inky potion
 12195 | Lair:2   | 12195 ||| Stepping ~*~*~tactically~*~*~ (water).
 12223 | Lair:2   | Found a staircase to the Snake Pit.
 12235 | Lair:2   | 12235 ||| INVOKING Heroism.
 12235 | Lair:2   | HP: 20/112 [lava snake/glob of lava (19)]
 12236 | Lair:2   | 12236 ||| DROPPING potion of invisibility.
 12236 | Lair:2   | HP: 5/112 [salamander/+4 halberd (7)]
 12236 | Lair:2   | Mangled by a salamander

Levels and vault maps discovered:
D:1:      sevenhm_arrival_forest_fort_small_3, layout_basic
D:2:      layout_rooms, kennysheep_generic_room_13
D:3:      layout_rooms, grunt_qazlal_clouds, grunt_ministairs_6, uniq_jessica
D:4:      layout_rooms, nzn_overflow_gifts_of_might_and_magic,
          mainiacjoe_overflow_six_doors_small
D:5:      layout_cave_pools, nzn_wu_jian_council_hall,
          mainiacjoe_overflow_small_starburst, minmay_temple_entry_junction
D:6:      layout_loops_corners, mainiacjoe_overflow_brackets, uniq_eustachio
D:7:      layout_loops_ring, kennysheep_mini, nicolae_ossuary_entry_giza,
          minmay_joined_circles, uniq_duvessa
D:8:      minmay_chambers_of_sixes, layout_basic, nicolae_ru_path_of_blood,
          gammafunk_ghost_hydra_chop, dk_vineyard_3, minmay_holes
D:9:      minmay_opposing_rooms, layout_layer_cave, lair_entry_dummy, hex_medium
Temple:   hellmonk_temple_two_chambers
Lair:1:   layout_cave_pods
Lair:2:   layout_gridlike, nicolae_snake_entry_warm_welcome, grunt_megastairs_4

Skill      XL: |  1  2  3  4  5  6  7  8  9 10 11 12 |
---------------+-------------------------------------+-----
Ranged Weapons | 3 4 5 6 7 9 10 12 14 16 | 16.0
Fighting       | 2 3 4 5 7 8 10 11 | 11.9
Armour         | 1 2 3 5 |  5.3
Dodging        | 3 5 6 7 8 |  8.0
Invocations    | 2 4 6 |  6.3
Spellcasting   | |  1.0
Hexes          | |  2.0

Action                     |  1- 3 |  4- 6 |  7- 9 | 10-12 || total
---------------------------+-------+-------+-------+-------++-------
   Fire: Sling             |   129 |   148 |   325 |       ||   602
         Shortbow          |       |       |   177 |   191 ||   368
         Orcbow            |       |       |       |   528 ||   528
 Invoke: Heroism           |       |       |     2 |    29 ||    31
    Use: Scroll            |     4 |     6 |    13 |     6 ||    29
         Potion            |       |     1 |     4 |     4 ||     9
 Armour: Robe              |    12 |       |       |       ||    12
         Leather armour    |     4 |    18 |    62 |    20 ||   104
         Troll leather arm |       |       |       |    50 ||    50
  Dodge: Dodged            |    38 |    45 |   121 |   287 ||   491
  Block: Other             |       |       |    45 |    82 ||   127
         Reflection        |       |       |       |     7 ||     7

Table legend:
 A = Non-vault XP
 B = Vault XP
 C = Vault XP percentage of total XP
 D = Non-vault monster count
 E = Vault monster count
 F = Vault count percentage of total count
                 A         B        C        D         E       F
            +---------+---------+-------+---------+---------+-------
      Total |   20073 |    7788 |  28.0 |     239 |      46 |  16.1
            +---------+---------+-------+---------+---------+-------
        D:1 |      52 |       0 |   0.0 |      31 |       0 |   0.0
        D:2 |      33 |       2 |   5.7 |      11 |       1 |   8.3
        D:3 |     102 |      51 |  33.3 |      16 |       3 |  15.8
        D:4 |      81 |     168 |  67.5 |      15 |       2 |  11.8
        D:5 |     791 |       0 |   0.0 |      19 |       0 |   0.0
        D:6 |     401 |     185 |  31.6 |       9 |       1 |  10.0
        D:7 |     431 |    1370 |  76.1 |      19 |      19 |  50.0
        D:8 |    1414 |    1070 |  43.1 |      28 |       6 |  17.6
        D:9 |    2537 |    4062 |  61.6 |      37 |      10 |  21.3
     Lair:1 |   10124 |       0 |   0.0 |      43 |       0 |   0.0
     Lair:2 |    4107 |     880 |  17.6 |      11 |       4 |  26.7
            +---------+---------+-------+---------+---------+-------
